 Dungeon Crawl Stone Soup version 0.19-a0-700-gd2fa977 (webtiles) character file.

14 Laan the Magician (level 2, 0/15 HPs)
             Began as a Gargoyle Wizard on June 19, 2016.
             Slain by a kobold (3 damage)
             ... on level 1 of the Dungeon.
             The game lasted 00:00:53 (448 turns).

Laan the Magician (Gargoyle Wizard)                  Turns: 448, Time: 00:00:53

Health: 0/15       AC:  4    Str: 10    XL:     2   Next: 45%
Magic:  0/6        EV: 12    Int: 18    God:
Gold:   0          SH:  0    Dex:  8    Spells: 1 memorised, 6 levels left

rFire  . . .     SeeInvis .     (no weapon)
rCold  . . .     Gourm    .     a - +0 robe
rNeg   + . .     Faith    .     (no shield)
rPois  ∞         Spirit   .     b - +0 hat
rElec  +         Dismiss  .     (no cloak)
rCorr  .         Reflect  .     (no gloves)
SustAt .         Harm     .     (no boots)
MR     .....                    (no amulet)
Stlth  ++........               (no ring)
                                (no ring)

@: not resistant to hostile enchantments, unstealthy
A: negative energy resistance 1, electricity resistance, unbreathing,
petrification resistance, rot immunity, AC +2
a: no special abilities


You were on level 1 of the Dungeon.
You were not hungry.

You visited 1 branch of the dungeon, and saw 1 of its levels.

Inventory:

Armour
 a - a +0 robe (worn)
 b - a +0 hat (worn)
Scrolls
 e - a scroll of random uselessness {unknown}
Books
 c - a book of Minor Magic

   Spells                             Type                      Level
   a - Magic Dart                     Conjuration                  1
   b - Blink                          Translocation                2
   c - Call Imp                       Summoning                    2
   d - Repel Missiles                 Charms/Air                   2
   e - Slow                           Hexes                        2
   f - Conjure Flame                  Conjuration/Fire             3
   g - Mephitic Cloud                 Conjuration/Poison/Air       3
Comestibles
 d - a bread ration


   Skills:
 - Level 1.5 Dodging
 - Level 2.1 Stealth
 + Level 3.1 Spellcasting
 * Level 2.4 Conjurations
   Level 0.8 Summonings
   Level 0.8 Translocations


You had 6 spell levels left.
You knew the following spells:

 Your Spells              Type           Power        Failure   Level  Hunger
a - Magic Dart            Conj           ##..         8%          1    None


Dungeon Overview and Level Annotations

Branches:
Dungeon (1/15)

Altars:


Innate Abilities, Weirdness & Mutations

You are resistant to torment.
Your stone body is resilient. (AC +2)
You are immune to poison.
You resist negative energy. (rN+)
You are resistant to electric shocks. (rElec)
You can survive without breathing.
You are immune to petrification.
You are immune to rotting.


Message History

The kobold is severely wounded.
The jackal bites you. The kobold barely misses you. The jackal misses you.
A rat comes into view.
You barely miss the kobold.
The kobold is severely wounded.
The jackal closely misses you. The kobold hits you.
The rat moves out of view.
Casting: Magic Dart
Confirm with . or Enter, or press ? or * to list all spells.
Aiming: Magic Dart
Press: ? - help, Shift-Dir - straight line, f - kobold, p - jackal
Aim: a kobold (severely wounded)
The magic dart hits the kobold.
The kobold is severely wounded.
The jackal misses you. The kobold hits you.
* * * LOW HITPOINT WARNING * * *
The jackal bites you but does no damage.
You barely miss the kobold.
The kobold is heavily wounded.
The kobold hits you.
You die...

....... .........##
.......... ### ##
.....[.... ##.## ##.
......h.. ##...## ##..
.........##.....## ##...
#.......##.......##+##....
##.....hh@K.......†.'.....
#......h##.....[.##'##....
..##....###.....###.###...
#...). ##...###...###..
#.....s###.###.....###.
.....#....####.......###
....#. ....# #.........#
.#.#### .....###.......##
#. .##....##..)..##


You could see 3 jackals and a kobold.

Vanquished Creatures
  A dart slug (D:1)
  A bat (D:1)
  A giant cockroach (D:1)
  2 goblins (D:1)
  A jackal (D:1)
  2 kobolds (D:1)
  4 rats (D:1)
12 creatures vanquished.

Notes
Turn   | Place    | Note
--------------------------------------------------------------
     0 | D:1      | Laan the Gargoyle Wizard began the quest for the Orb.
     0 | D:1      | Reached XP level 1. HP: 10/10 MP: 4/4
   243 | D:1      | Reached XP level 2. HP: 15/15 MP: 1/6
   448 | D:1      | Slain by a kobold

Vault maps used:
D:1:      elethiomel_arrival_diamonds, st_stairs_13

Skill      XL: |  1 |
---------------+----+-----
Conjurations   | 2 |  2.4
Dodging        | |  1.5
Stealth        | |  2.1
Spellcasting   | |  3.1
Summonings     | |  0.8
Translocations | |  0.8

Action                   || total
-------------------------++-------
Melee: Unarmed           ||    36
 Cast: Magic Dart        ||    32
Armor: Robe              ||    10
Dodge: Dodged            ||    37
